 Dungeon Crawl Stone Soup version 0.26.1-2-gb8aa6d0cf2 (webtiles) character file.

Game seed: 2632831458682215051

49 RaHiT the Sneak (level 3, -1/26 HPs)
             Began as an Octopode Delver on Mar 23, 2021.
             Slain by Purgy (7 damage)
             ... in a sewer.
             The game lasted 00:05:44 (347 turns).

RaHiT the Sneak (Octopode Delver)                    Turns: 347, Time: 00:05:45

Health: -1/26      AC:  1    Str: 11    XL:     3   Next: 77%
Magic:  3/3        EV: 14    Int: 13    God:
Gold:   21         SH:  0    Dex: 13    Spells: 3/3 levels left

rFire    . . .     SeeInvis .     - Unarmed
rCold    . . .     Faith    .   (no shield)
rNeg     . . .     Spirit   .   (helmet restricted)
rPois    .         Reflect  .   (no amulet)
rElec    .         Harm     .   (no ring)
rCorr    .         Rampage  .   (no ring)
Will     .....                  (no ring)
Stlth    +++++.....             (no ring)
HPRegen  0.08/turn              (no ring)
MPRegen  0.08/turn              (no ring)
                                (no ring)
                                (no ring)

@: mighty
A: almost no armour, stealthy swim, amphibious, 8 rings, constrict 8, camouflage
1, gelatinous body 1
a: no special abilities


You were in a sewer.
You visited 1 branch of the dungeon, and saw 4 of its levels.
You also visited: Sewer.

You collected 21 gold pieces.

Inventory:

Hand Weapons
 g - a +0 rapier
Missiles
 d - a stone (quivered)
Wands
 e - a wand of digging (2)
Scrolls
 a - a scroll of fog
 c - a scroll of fear
 h - a scroll of blinking {unknown}


   Skills:
 + Level 3.2 Fighting
 * Level 2.5 Dodging
 - Level 7.0 Stealth
 * Level 2.6 Unarmed Combat
 + Level 0.6 Spellcasting
 + Level 0.9 Evocations


You had 3 spell levels left.
You didn't know any spells.
Your spell library was empty.

Dungeon Overview and Level Annotations

Branches:
Dungeon (6/15)              Sewer (1/1)
 Temple: D:4-7

Altars:

Annotations:
Sewer Purgy


Innate Abilities, Weirdness & Mutations

You cannot wear most types of armour.
You are very stealthy in the water. (Stealth+)
You are amphibious.
You can wear up to eight rings at the same time.
You can use your tentacles to constrict eight enemies at once.
Your skin changes colour to match your surroundings (Stealth+).
Your rubbery body absorbs attacks. (AC +1, EV +1)


Message History

* * * LOW HITPOINT WARNING * * *
Purgy misses you. Purgy closely misses you.
You feel much better. Purgy barely misses you. Purgy claws you. x2
You bludgeon Purgy!
Purgy is severely wounded.
Purgy misses you. Purgy barely misses you. Purgy misses you.
You barely miss Purgy.
Purgy is severely wounded.
Purgy barely misses you. Purgy completely misses you. Purgy barely misses you.
You closely miss Purgy.
Purgy is severely wounded.
Purgy closely misses you. Purgy claws you. x2
You bludgeon Purgy! Your squeeze misses Purgy.
Purgy is almost dead.
Purgy bites you! Purgy closely misses you. Purgy claws you.
* * * LOW HITPOINT WARNING * * *
You barely miss Purgy. Your squeeze misses Purgy.
Purgy is almost dead.
Purgy bites you!
You die...

#####################
#.##.##.##.##.##.##.#
#.##.##.##.##.##.##.#
#'##'##'##'##'##'##'#
###...................#######
≈≈#≈≈≈≈≈≈≈≈≈.≈≈T≈≈≈≈≈≈#≈≈≈≈≈≈
≈≈#≈≈≈≈≈≈≈≈≈∩≈≈≈@≈≈≈≈≈#≈≈≈≈≈≈
≈≈#≈≈≈≈≈≈≈≈≈.((≈≈≈≈≈≈≈#≈≈≈≈≈≈
###...................#######
#'##'##'##.##†##'##'#
#†##.##.##.##.##)##)#
#.##.##.##∩##.##)##.#
#####################


You could see Purgy.

Vanquished Creatures
  A jelly (D:4)
  A river rat (D:3)
  2 leopard geckos (D:3)
  A bat (Sewer)
  2 kobolds (Sewer)
  2 frilled lizards (Sewer)
9 creatures vanquished.

Notes
Turn   | Place    | Note
-------+----------+-------------------------------------------
     0 | D:5      | RaHiT the Octopode Delver began the quest for the Orb.
     0 | D:5      | Reached XP level 1. HP: 16/16 MP: 1/1
     4 | D:6      | Noticed a sky beast
     4 | D:6      | Noticed a bullfrog
    10 | D:5      | Noticed a worker ant
    19 | D:6      | Noticed a jelly
    28 | D:5      | Noticed a jelly
    32 | D:5      | Noticed a howler monkey
    56 | D:4      | Killed a jelly
    57 | D:4      | Reached XP level 2. HP: 14/21 MP: 2/2
    57 | D:4      | Reached XP level 3. HP: 17/26 MP: 3/3
    88 | D:3      | Found a glowing drain.
   121 | D:3      | Reached skill level 7 in Stealth
   135 | Sewer    | Entered a sewer
   256 | Sewer    | Noticed Purgy
   347 | Sewer    | Slain by Purgy

Illustrated notes

Levels and vault maps discovered:
D:3:      layout_loops_corners, gup_sewer_entry_bubbles
D:4:      layout_gridville, kennysheep_mini, kennysheep_mini_moat,
          minmay_temple_entry_statues_fountains, chequers_garden,
          minmay_quantized
D:5:      layout_loops_ring, lemuel_crystal_altar
D:6:      minmay_opposing_rooms, layout_cave_pools,
          grunt_temple_overflow_gold_and_silver, dancing_weapons_uskayaw,
          serial_shops, kennysheep_little_box
Sewer:    kennysheep_door_sewer

Skill      XL: |  1  2  3 |
---------------+----------+-----
Stealth        | 7 |  7.0
Fighting       | |  3.2
Dodging        | |  2.5
Unarmed Combat | |  2.6
Spellcasting   | |  0.6
Evocations     | |  0.9

Action                   || total
-------------------------++-------
Melee: Unarmed           ||    26
       Tentacles         ||     6
       Rapier            ||     4
       Constrict         ||     3
       Punch             ||     1
Throw: Stone             ||     2
Evoke: Wand              ||     1
  Use: Potion            ||     4
       Scroll            ||     1
 Stab: Sleeping          ||     4
Dodge: Dodged            ||    31
